 Dungeon Crawl Stone Soup version 0.26-a0-834-g69557b85cc (webtiles) character file.

Game seed: 12245070529160886247

151 jiml777 the Magician (level 5, 0/28 HPs)
             Began as a Deep Elf Air Elementalist on Nov 16, 2020.
             Was an Initiate of Sif Muna.
             Killed from afar by an orc wizard (8 damage)
             ... with a magic dart
             ... on level 4 of the Dungeon.
             The game lasted 00:22:05 (3277 turns).

jiml777 the Magician (Deep Elf Air Elementalist)    Turns: 3277, Time: 00:22:06

Health: 0/28       AC:  3    Str:  5    XL:     5   Next: 10%
Magic:  11/13      EV: 13    Int: 21    God:    Sif Muna [......]
Gold:   187        SH:  0    Dex: 15    Spells: 2/12 levels left

rFire    . . .     SeeInvis .   l - +0 dagger (venom)
rCold    . . .     Faith    .   (no shield)
rNeg     . . .     Spirit   .   e - +0 robe
rPois    .         Reflect  .   (no helmet)
rElec    .         Harm     .   (no cloak)
rCorr    .         Rampage  .   g - +0 pair of gloves
MR       .....                  (no boots)
Stlth    +.........             (no amulet)
HPRegen  0.09/turn              (no ring)
MPRegen  0.13/turn              (no ring)

@: glowing
A: no striking features
a: Renounce Religion


You were on level 4 of the Dungeon.
You worshipped Sif Muna.
Sif Muna was noncommittal.
You visited 1 branch of the dungeon, and saw 4 of its levels.

You collected 187 gold pieces.

Inventory:

Hand Weapons
 l - a +0 dagger of venom (weapon)
Missiles
 i - 30 arrows
 k - 18 poisoned darts (quivered)
Armour
 e - a +0 robe (worn)
 g - a +0 pair of gloves (worn)
Scrolls
 b - 4 scrolls of remove curse {unknown}
 d - a scroll of identify
 f - 4 scrolls of teleportation {unknown}
Potions
 c - 3 potions of lignification
 h - 3 potions of flight
 j - 2 potions of brilliance


   Skills:
 + Level 2.9 Dodging
 - Level 3.0 Stealth
 + Level 4.3 Spellcasting
 + Level 2.4 Conjurations
 + Level 4.3 Air Magic


You had 2 spell levels left.
You knew the following spells:

 Your Spells              Type           Power        Failure   Level
a - Shock                 Conj/Air       ###.         2%          1
b - Swiftness             Air            ###.....     3%          2
c - Static Discharge      Conj/Air       ###.....     9%          3
d - Airstrike             Air            ###.......   19%         4

Your spell library contained the following spells:

 Spells                   Type           Power        Failure   Level
 Lightning Bolt           Conj/Air       ###.......   61%         5


Dungeon Overview and Level Annotations

Branches:
Dungeon (4/15)
 Temple: D:4-7

Altars:
Sif Muna
Wu Jian

Annotations:
D:4 Dowan, Duvessa


Message History

The orc wizard blinks!
Casting: Shock (safe; 2% risk of failure)
Confirm with . or Enter, or press ? or * to list all spells.
The spell is extremely dangerous to cast (19% risk of failure)!
Continue anyway?
Aiming: Airstrike (extremely dangerous; 19% risk of failure)
Press: ? - help, Dir - move target cursor, f - orc wizard
Aim: an orc wizard, wielding a +0 dagger and wearing a +0 robe (lightly wounded)
Okay, then.
The orc wizard casts a spell at you. The magic dart hits you!
The orc wizard barely misses you.
The orc wizard mumbles some strange words.
The orc wizard flickers and vanishes!
Deactivating autopickup; reactivate with Ctrl-A.
The orc wizard casts a spell at you. The magic dart hits you.
* * * LOW HITPOINT WARNING * * *
The orc wizard casts a spell at you. The magic dart hits you!
You die...

#.. #..#### §.....
#..####.....# #....##
##..#.......###).....#
#...........#.#†..#
#........#.....).#
#..............e#
#.##....÷#..oo.......ee
.........#..........##.
.........##@.........#
..........<.>..###.....
#.........÷..(.....##..
####................ ..
#................
#......).........
#................
....#.÷....##.##
.........### ..


You could see Duvessa, an orc wizard and an orc.

Vanquished Creatures
  An orc priest (D:2)
  A hound (D:4)
  2 adders
  2 oozes
  A dart slug (D:1)
  3 leopard geckos
  5 orcs
  3 giant cockroaches
  7 goblins
  6 hobgoblins
  3 jackals (D:1)
  5 kobolds
  A quokka (D:2)
  A ball python (D:4)
  5 bats
  2 frilled lizards
  A leopard gecko zombie (D:3)
  8 rats
57 creatures vanquished.

Notes
Turn   | Place    | Note
-------+----------+-------------------------------------------
     0 | D:1      | jiml777 the Deep Elf Air Elementalist began the quest for
                  | the Orb.
     0 | D:1      | Reached XP level 1. HP: 10/10 MP: 6/6
   322 | D:1      | Reached XP level 2. HP: 15/15 MP: 2/8
  1223 | D:2      | Reached XP level 3. HP: 19/19 MP: 3/9
  1695 | D:2      | Reached XP level 4. HP: 24/24 MP: 7/11
  2613 | D:3      | Found a shimmering blue altar of Sif Muna.
  2616 | D:3      | Became a worshipper of Sif Muna the Loreminder
  2689 | D:3      | Found an ornate altar of the Wu Jian Council.
  2977 | D:4      | Reached XP level 5. HP: 10/28 MP: 10/13
  3253 | D:4      | Learned a level 2 spell: Swiftness
  3257 | D:4      | Learned a level 3 spell: Static Discharge
  3262 | D:4      | Learned a level 4 spell: Airstrike
  3270 | D:4      | Noticed Dowan
  3271 | D:4      | Noticed Duvessa
  3277 | D:4      | Killed from afar by an orc wizard

Illustrated notes

Levels and vault maps discovered:
D:1:      sevenhm_arrival_forest_fort_small_3, layout_loops_ring,
          chequers_hall_statues_wall_a
D:2:      layout_rooms
D:3:      layout_rooms, nicolae_overflow_crystal_walls, minivault_24,
          corexii_corridor_pit, lemuel_blue_sif_altar
D:4:      layout_cave_pools, grunt_ministairs_15, due_unseen_surprise,
          uniq_duvessa, uniq_eustachio

Skill      XL: |  1  2  3  4 |
---------------+-------------+-----
Air Magic      | 4 |  4.3
Spellcasting   | 4 |  4.3
Conjurations   | 2 |  2.4
Stealth        | 3 |  3.0
Dodging        | |  2.9

Action                   |  1- 3 |  4- 6 || total
-------------------------+-------+-------++-------
Melee: Unarmed           |     1 |       ||     1
 Cast: Shock             |    67 |    47 ||   114
  Use: Scroll            |       |     3 ||     3
Armor: Robe              |     3 |     2 ||     5
Dodge: Dodged            |    12 |    14 ||    26

Table legend: (Time is in decaauts)
 A = Elapsed time spent in this place.
 B = Non-inter-level travel time spent in this place.
 C = Inter-level travel time spent in this place.
 D = Time resting spent in this place.
 E = Time spent auto-exploring this place.
 F = Levels seen in this place.
 G = Mean time per level.
                   A        B        C        D        E       F      G
               +--------+--------+--------+--------+--------+-----+--------+
         Total |   3276 |   3178 |     98 |   1526 |   1063 |   4 |  819.0 |
       Dungeon |   3276 |   3178 |     98 |   1526 |   1063 |   4 |  819.0 |
               +--------+--------+--------+--------+--------+-----+--------+

Top non-repeatable levels by time:
     D:2: 1050 daAuts
     D:1: 1034 daAuts
     D:3: 870 daAuts
     D:4: 321 daAuts
